 Dungeon Crawl Stone Soup version 0.17-a0-1979-g1c74939 (webtiles) character file.

21 Shim the Grasshopper (level 2, -4/19 HPs)
             Began as a High Elf Warper on Oct 5, 2015.
             Slain by an adder (5 damage)
             ... on level 2 of the Dungeon.
             The game lasted 00:05:47 (1391 turns).

Shim the Grasshopper (High Elf Warper)              Turns: 1391, Time: 00:05:47

Health: -4/19      AC:  4    Str: 10    XL:     2   Next: 65%
Magic:  4/6        EV: 12    Int: 16    God:
Gold:   33         SH:  0    Dex: 14    Spells: 3 memorised, 1 level left

rFire  . . .     SeeInvis .     a - +0 short sword
rCold  . . .     Clarity  .     b - +0 leather armour
rNeg   . . .     SustAt   .     (no shield)
rPois  .         Gourm    .     (no helmet)
rElec  .         Spirit   .     h - +0 cloak
rCorr  .         Warding  .     (no gloves)
rMut   .         Stasis   .     (no boots)
MR     .....                    (no amulet)
Stlth  +.........               (no ring)
                                (no ring)

@: lethally poisoned (-4 -> -8), very slightly contaminated, hasted, very quick,
not resistant to hostile enchantments, very unstealthy
A: no striking features
a: no special abilities


You were on level 2 of the Dungeon.
You were not hungry.

You visited 1 branch of the dungeon, and saw 2 of its levels.

You collected 33 gold pieces.

Inventory:

Hand Weapons
 a - a +0 short sword (weapon)
Missiles
 e - 5 tomahawks of dispersal
 g - 41 stones (quivered)
Armour
 b - a +0 leather armour (worn)
 h - a +0 cloak (worn)
Scrolls
 d - a scroll of blinking
 i - 2 scrolls of identify {unknown}
 j - 2 scrolls of amnesia {unknown}
 k - a scroll of immolation {unknown}
 o - a scroll of fear {unknown}
Books
 c - a book of Spatial Translocations

   Spells                             Type                      Level
   a - Apportation                    Translocation                1
   b - Blink                          Translocation                2
   c - Shroud of Golubria             Charms/Translocation         2
   d - Portal Projectile              Translocation                3
   e - Teleport Other                 Translocation                3
   f - Passage of Golubria            Translocation                4
Comestibles
 f - a bread ration
 l - a meat ration
 m - 2 fruits


   Skills:
 + Level 2.1 Fighting
 + Level 2.4 Short Blades
 + Level 1.2 Throwing
 + Level 1.1 Armour
 + Level 2.6 Dodging
 + Level 2.5 Spellcasting
 + Level 3.7 Translocations


You had one spell level left.
You knew the following spells:

 Your Spells              Type           Power        Failure   Level  Hunger
a - Apportation           Tloc           ##........   8%          1    #......
b - Blink                 Tloc           N/A          12%         2    ##.....
c - Shroud of Golubria    Chrm/Tloc      #.........   21%         2    ##.....


Dungeon Overview and Level Annotations

Branches:
Dungeon (2/15)

Altars:


Message History

* * * LOW HITPOINT WARNING * * *
You are lethally poisoned!
The adder poisons you!
You closely miss the adder.
The adder is almost dead.
* * * LOW HITPOINT WARNING * * *
You feel sick. The adder bites you but does no damage. The adder bites you.
* * * LOW HITPOINT WARNING * * *
Casting: Shroud of Golubria
Confirm with . or Enter, or press ? or * to list all spells.
You blink.
* * * LOW HITPOINT WARNING * * *
You feel sick.
Drink which item? (? for menu, Esc to quit)
It was a potion of haste.
You feel yourself speed up.
You are very lightly contaminated with residual magic.
You barely miss the adder.
The adder is almost dead.
The adder bites you.
You die...

#....####.........##
#.#.## ##.......##
##.### ##.....##
#..# ##...## #.##
##+## #.# #.#
#####.#####
#......S@.###
#.###...........
#...####..### #..###
..# ...# ... .(.# ##
#(.# #.. #.


You could see an adder.

Vanquished Creatures
  A giant gecko (D:1)
  A giant cockroach (D:2)
  5 goblins (D:1)
  2 hobgoblins (D:1)
  2 jackals (D:1)
  A ball python (D:1)
  4 bats
  2 giant newts (D:1)
  A kobold (D:1)
  A rat (D:1)
20 creatures vanquished.

Notes
Turn   | Place    | Note
--------------------------------------------------------------
     0 | D:1      | Shim the High Elf Warper began the quest for the Orb.
     0 | D:1      | Reached XP level 1. HP: 14/14 MP: 4/4
   372 | D:1      | Reached skill level 1 in Armour
   388 | D:1      | Reached XP level 2. HP: 16/19 MP: 4/6
   392 | D:1      | Learned a level 2 spell: Blink
   395 | D:1      | Learned a level 2 spell: Shroud of Golubria
  1391 | D:2      | Slain by an adder

Vault maps used:
D:1:      scummos_arrival_star
D:2:      gammafunk_temple_overflow_claw

Action                   || total
-------------------------++-------
Melee: Short sword       ||    90
Throw: Stone             ||    40
 Cast: Shroud of Golubri ||     3
       Blink             ||     1
  Use: Potion            ||     1
  Eat: Fruit             ||     1
       Chunk             ||     1
